[Event "Titled Tuesday Blitz March 07 Early 2023"]
[White "Naroditsky, Daniel"]
[Black "Yuan, Qingyu"]
[WhiteFideId "2026961"]
[BlackFideId "8609772"]
[WhiteElo "2633"]
[BlackElo "2359"]
[Result "1-0"]
[Round "11"]
[TimeControl "180+2"]
[Date "2023.03.07"]
[WhiteClock "0:01:48"]
[BlackClock "0:00:02"]

1. d4 d5 2. Nc3 Nf6 3. Bf4 c5 4. e3 cxd4 5. exd4 a6 6. Nf3 Nc6 7. Ne5 Bd7 8. g3 e6 9. Bg2 Be7 10. Nxd7 Qxd7 11. O-O O-O 12. Ne2 Rac8 13. c3 b5 14. a3 Na5 15. Nc1 Nc4 16. Nd3 a5 17. a4 b4 18. cxb4 axb4 19. b3 Na5 20. Bd2 Qb7 21. Rb1 Ne4 22. Be1 h6 23. Qg4 f5 24. Qe2 Qb6 25. Nf4 Bf6 26. Qb5 Qxb5 27. axb5 Rfe8 28. Bxb4 Nb7 29. Rfd1 Ned6 30. Nxe6 Ne4 31. Nc5 Be7 32. Rbc1 Nbxc5 33. dxc5 Nxc5 34. Bxd5+ Kh7 35. b6 Ne4 36. Bxe7 Rxc1 37. Rxc1 Rxe7 38. b7 1-0


[Site "https://www.chess.com"]

[Event "Titled Tuesday Blitz March 07 Early 2023"]
[White "Pranav, V"]
[Black "Hayrapetyan, Hovik"]
[WhiteFideId "25060783"]
[BlackFideId "13302639"]
[WhiteElo "2500"]
[BlackElo "2348"]
[Result "1-0"]
[Round "11"]
[TimeControl "180+2"]
[Date "2023.03.07"]
[WhiteClock "0:00:16"]
[BlackClock "0:00:02"]

1. e4 c5 2. Nf3 d6 3. d4 cxd4 4. Nxd4 Nf6 5. Nc3 a6 6. Bg5 Nbd7 7. Bc4 Qb6 8. O-O Qxb2 9. Nd5 Nxd5 10. Rb1 Qc3 11. Bxd5 Qc7 12. f4 Nf6 13. Bxf6 exf6 14. Re1 Be7 15. Nf5 O-O 16. Kh1 Rb8 17. Rb3 g6 18. Rh3 Bxf5 19. exf5 Kg7 20. Rhe3 Bd8 21. c3 Qc5 22. Qd3 Ba5 23. h3 b5 24. Rg3 Bxc3 25. Rc1 b4 26. fxg6 hxg6 27. Bb3 Qd4 28. Qf3 f5 29. Rd1 Qe4 30. Qf2 Rbd8 31. Rgd3 Rfe8 32. Kh2 Be1 33. Qf1 Bc3 34. Qf2 a5 35. Rf3 Qe2 36. Qa7 Re7 37. Qxa5 Rde8 38. Rxd6 Qb2 39. Rg3 Bf6 40. Qxf5 1-0


[Site "https://www.chess.com"]

[Event "Titled Tuesday Blitz March 07 Early 2023"]
[White "Lazavik, Denis"]
[Black "Nogerbek, Kazybek"]
[WhiteFideId "13515110"]
[BlackFideId "13710427"]
[WhiteElo "2560"]
[BlackElo "2501"]
[Result "1-0"]
[Round "11"]
[TimeControl "180+2"]
[Date "2023.03.07"]
[WhiteClock "0:00:43"]
[BlackClock "0:00:57"]

1. d4 Nf6 2. c4 e6 3. Nf3 d5 4. g3 Be7 5. Bg2 O-O 6. O-O dxc4 7. Qc2 a6 8. a4 Bd7 9. Qxc4 Bc6 10. Bg5 Nbd7 11. Rd1 a5 12. Nbd2 h6 13. Bxf6 Nxf6 14. Qd3 Bxf3 15. Bxf3 c6 16. Nc4 Bb4 17. e4 Qe7 18. Kg2 Rad8 19. Qe3 Qc7 20. h4 Rd7 21. Ne5 Rdd8 22. Rac1 Nd7 23. Nd3 Qb6 24. e5 Nb8 25. Nf4 Rd7 26. Be4 Rfd8 27. Rc4 Na6 28. b3 Bf8 29. Kh2 Nc7 30. Bc2 Nd5 31. Qe4 g6 32. h5 Bg7 33. hxg6 fxg6 34. Nxe6 1-0


[Site "https://www.chess.com"]

[Event "Titled Tuesday Blitz March 07 Early 2023"]
[White "Durarbayli, Vasif"]
[Black "Mikhailovsky, Vladimir"]
[WhiteFideId "13402935"]
[BlackFideId "34105414"]
[WhiteElo "2543"]
[BlackElo "2293"]
[Result "1-0"]
[Round "11"]
[TimeControl "180+2"]
[Date "2023.03.07"]
[WhiteClock "0:00:03"]
[BlackClock "0:00:01"]

1. e4 Nf6 2. e5 Nd5 3. d4 d6 4. c4 Nb6 5. exd6 exd6 6. Nc3 Be7 7. Bd3 O-O 8. Nge2 Nc6 9. O-O Nb4 10. Be3 Nxd3 11. Qxd3 Bg4 12. h3 Bh5 13. Nf4 Bg6 14. Nxg6 hxg6 15. b3 Bg5 16. Rae1 Re8 17. Nb5 Bxe3 18. Rxe3 Rxe3 19. Qxe3 a6 20. Nc3 Nd7 21. Nd5 Nf6 22. Nxf6+ Qxf6 23. Re1 a5 24. Qe4 c6 25. d5 Qc3 26. dxc6 bxc6 27. Rd1 Rd8 28. Qxc6 Qc2 29. Qd5 Qxa2 30. c5 a4 31. bxa4 Qxa4 32. cxd6 Qd7 33. h4 Qf5 34. Qc4 Kh7 35. g3 Qf3 36. Rd3 Qf5 37. Kg2 Rc8 38. Qd4 Qd7 39. Qd5 Rc6 40. h5 gxh5 41. Qxh5+ Kg8 42. Qd5 g6 43. Rd1 Rc8 44. Rd4 Rd8 45. Qe5 Re8 46. Qf6 Re6 47. Qf4 Qc6+ 48. f3 Re2+ 49. Kh3 Qd7+ 50. g4 Re6 51. Rd2 Kg7 52. Kg3 Kg8 53. Qd4 f6 54. Qc5 Kg7 55. Qc7 Qxc7 56. dxc7 Rc6 57. Rd7+ Kh6 58. f4 Rc3+ 59. Kf2 g5 60. fxg5+ Kxg5 61. Rg7+ Kf4 62. Ke2 f5 63. g5 Ke5 64. Kd2 Rc6 65. Ke3 Rc3+ 66. Kd2 Rc6 67. Ke3 Rc3+ 68. Ke2 Rc6 69. Rf7 Kd6 70. g6 1-0


[Site "https://www.chess.com"]

[Event "Titled Tuesday Blitz March 07 Early 2023"]
[White "Kamsky, Gata"]
[Black "Santos Ruiz, Miguel"]
[WhiteFideId "2000024"]
[BlackFideId "22291482"]
[WhiteElo "2666"]
[BlackElo "2504"]
[Result "1-0"]
[Round "11"]
[TimeControl "180+2"]
[Date "2023.03.07"]
[WhiteClock "0:00:14"]
[BlackClock "0:00:01"]

1. d4 Nf6 2. Bf4 d5 3. e3 c5 4. c3 Nc6 5. Nd2 e6 6. Ngf3 Be7 7. h4 Bd6 8. Bxd6 Qxd6 9. Bb5 Bd7 10. Bxc6 Bxc6 11. a4 b6 12. Ne5 Nd7 13. f4 Nxe5 14. fxe5 Qe7 15. Qh5 O-O 16. Nf3 f5 17. Ng5 h6 18. Qg6 hxg5 19. hxg5 Qe8 20. Qh7+ Kf7 21. g6+ Ke7 22. Qxg7+ Kd8 23. Rh7 Bd7 24. a5 b5 25. dxc5 Kc7 26. Qh6 Rg8 27. g7 Bc6 28. Qf6 Rd8 29. Kf2 Rd7 30. Rah1 Rf7 31. Rh8 Rfxg7 32. R1h7 Rxh7 33. Rxh7+ Kc8 34. Re7 Qg6 35. Qxe6+ Qxe6 36. Rxe6 Kc7 37. b4 d4 38. exd4 Rxg2+ 39. Ke3 Be4 40. Re7+ Kc6 41. Rxa7 Rg3+ 42. Kf4 Rg4+ 43. Ke3 Kd5 44. Rd7+ Kc4 45. e6 Bc6 46. Rd6 f4+ 47. Kf2 Rg2+ 48. Kf1 Be4 49. e7 f3 50. Rf6 Bd3+ 51. Ke1 Re2+ 52. Kd1 Rxe7 53. Rxf3 Kxc3 54. d5 Rh7 55. Rxd3+ Kxd3 56. Ke1 Ke3 57. Kf1 Kf3 58. Ke1 Ke4 59. d6 1-0


[Site "https://www.chess.com"]

[Event "Titled Tuesday Blitz March 07 Early 2023"]
[White "Terry, Renato"]
[Black "Krzyzanowski, Marcin"]
[WhiteFideId "3803457"]
[BlackFideId "1132199"]
[WhiteElo "2579"]
[BlackElo "2471"]
[Result "0-1"]
[Round "11"]
[TimeControl "180+2"]
[Date "2023.03.07"]
[WhiteClock "0:01:59"]
[BlackClock "0:01:26"]

1. Nf3 d5 2. g3 g6 3. Bg2 Bg7 4. O-O e5 5. d3 Ne7 6. e4 O-O 7. Nc3 d4 8. Ne2 c5 9. Nd2 Nbc6 10. a4 Be6 11. f4 f5 12. fxe5 Nxe5 13. Nf4 Bf7 14. exf5 Nxf5 15. Ne4 c4 16. Bd2 Rc8 17. Bb4 Ne3 18. Qe2 cxd3 19. cxd3 Rc2 20. Nd2 Nxf1 21. Rxf1 Re8 22. Be4 Rxb2 0-1


[Site "https://www.chess.com"]

[Event "Titled Tuesday Blitz March 07 Early 2023"]
[White "Atakhan, Abtin"]
[Black "Ibarra Jerez, Jose Carlos"]
[WhiteFideId "22502203"]
[BlackFideId "2226332"]
[WhiteElo "2008"]
[BlackElo "2638"]
[Result "0-1"]
[Round "11"]
[TimeControl "180+2"]
[Date "2023.03.07"]
[WhiteClock "0:00:01"]
[BlackClock "0:00:11"]

1. c4 e5 2. Nc3 Nf6 3. Nf3 e4 4. Ng5 c6 5. Ngxe4 Nxe4 6. Nxe4 d5 7. cxd5 cxd5 8. Ng3 h5 9. e3 h4 10. Ne2 Nc6 11. d4 Bf5 12. Bd2 Qf6 13. Rc1 h3 14. Ng3 Bd7 15. Qf3 Qe6 16. Ne2 O-O-O 17. b4 Kb8 18. b5 Nb4 19. Nf4 Qf5 20. Qd1 Bd6 21. g4 Qh7 22. Qb3 Qe4 23. Bxb4 Bxf4 24. Rg1 Bxh2 25. Bd3 Qf3 26. Be2 Qe4 27. Bd3 Qe6 28. Rh1 Qxg4 29. Kd2 Qg2 30. Be2 Rhe8 31. b6 axb6 32. Rcf1 Rc8 33. Qa3 Rc6 34. Bb5 Rec8 35. Rxh2 Qxh2 36. Bxc6 Rxc6 37. Ke2 Bg4+ 38. Kd3 Qc7 39. Rg1 Bf5+ 40. Ke2 Be4 41. Rd1 Rc2+ 42. Rd2 Qc4+ 0-1


[Site "https://www.chess.com"]

[Event "Titled Tuesday Blitz March 07 Early 2023"]
[White "Real_OceanStorm"]
[Black "Rustemov, Alexander"]
[BlackFideId "4119002"]
[WhiteElo "2771"]
[BlackElo "2894"]
[Result "1-0"]
[Round "11"]
[TimeControl "180+2"]
[Date "2023.03.07"]
[WhiteClock "0:00:04"]
[BlackClock "0:00:01"]

1. e4 e6 2. f4 d5 3. e5 c5 4. Nf3 Nc6 5. g4 h5 6. g5 Nge7 7. c3 Nf5 8. Bd3 Qb6 9. Bxf5 exf5 10. d4 Be6 11. O-O Rc8 12. Rf2 cxd4 13. cxd4 g6 14. Nc3 Be7 15. Be3 O-O 16. Rc1 Qa6 17. Rfc2 Nb4 18. Rd2 Nxa2 19. Nxa2 Qxa2 20. Ra1 Qc4 21. Rxa7 Bb4 22. Rd3 Rc7 23. Ra4 Bd7 24. Ra7 Rfc8 25. Ra1 Bb5 26. Rb3 Be7 27. Rc3 Qe2 28. Qxe2 Bxe2 29. Rxc7 Rxc7 30. Ne1 Ba6 31. Bd2 Kf8 32. Bc3 Ke8 33. Nc2 Kd7 34. Ne3 Ke6 35. h3 Bd3 36. Kf2 Be4 37. Ra7 Kd7 38. Ba5 b6 39. Bxb6 Rxa7 40. Bxa7 Kc6 41. Bb8 Bb4 42. h4 Bd2 43. Bd6 Kb5 44. Bc5 Bc1 45. b3 Bb2 46. Nd1 Bc1 47. Ne3 Bd2 48. Ke2 Bc3 49. Nd1 Ba5 50. Ne3 Bc7 51. b4 Ka4 52. Nd1 Kb3 53. b5 Kc4 54. b6 Bb8 55. Bd6 Kb5 56. Bxb8 Kxb6 57. Bd6 Kc6 58. Nf2 Bc2 59. Nd3 1-0


[Site "https://www.chess.com"]

[Event "Titled Tuesday Blitz March 07 Early 2023"]
[White "Yilmaz, Mustafa"]
[Black "Nazari, Arad"]
[WhiteFideId "6302718"]
[BlackFideId "12577324"]
[WhiteElo "2523"]
[BlackElo "2313"]
[Result "1-0"]
[Round "11"]
[TimeControl "180+2"]
[Date "2023.03.07"]
[WhiteClock "0:00:05"]
[BlackClock "0:00:02"]

1. d4 Nf6 2. c4 g6 3. Nc3 d5 4. cxd5 Nxd5 5. e4 Nxc3 6. bxc3 Bg7 7. Be3 O-O 8. Nf3 c5 9. Be2 Qa5 10. O-O Bg4 11. Qb3 Bxf3 12. Bxf3 cxd4 13. cxd4 Nc6 14. Rad1 Qb4 15. d5 Qxb3 16. axb3 Ne5 17. Be2 Rfc8 18. f4 Nd7 19. Bg4 Rd8 20. e5 f6 21. Be6+ Kf8 22. Rc1 Ke8 23. Rc7 fxe5 24. fxe5 Nxe5 25. Bg5 Nd7 26. Bxe7 Bd4+ 27. Kh1 Kxe7 28. Rf7+ Kd6 29. Rfxd7+ Rxd7 30. Rxd7+ Ke5 31. Rxb7 Rf8 32. h4 h5 33. Bf7 Bf2 34. Bxg6 Kxd5 35. Bxh5 Bxh4 36. Bf3+ Kc5 37. Rxa7 Bf2 38. Rh7 Kb4 39. Bd5 Rd8 40. Bc4 Bg3 41. Rb7+ Kc3 42. Rf7 Rd1+ 43. Bf1 Kxb3 44. Rf3+ Kb4 45. Rxg3 Rxf1+ 46. Kh2 Kc5 47. Rd3 Rf8 48. g4 Rg8 49. Kg3 Kc4 50. Rd7 Kc5 51. Kf4 Rf8+ 52. Ke5 Rg8 53. Kf5 Rf8+ 54. Kg6 Kc6 55. Rf7 Rg8+ 56. Rg7 Rf8 57. g5 Kd6 58. Rf7 Rg8+ 59. Kh6 Ke6 60. Rf1 Ke7 61. g6 Rh8+ 62. Kg7 Ra8 63. Re1+ Kd6 64. Kh7 Ra2 65. g7 Rh2+ 66. Kg8 Kd7 67. Re4 Rh3 68. Kf7 Rf3+ 69. Kg6 Rg3+ 70. Kf6 Rf3+ 71. Kg5 Rf8 72. gxf8=Q 1-0


[Site "https://www.chess.com"]

[Event "Titled Tuesday Blitz March 07 Early 2023"]
[White "Aradhya, Garg"]
[Black "Bharath Subramaniyam H"]
[WhiteFideId "25006746"]
[BlackFideId "46634827"]
[WhiteElo "2263"]
[BlackElo "2395"]
[Result "0-1"]
[Round "11"]
[TimeControl "180+2"]
[Date "2023.03.07"]
[WhiteClock "0:01:36"]
[BlackClock "0:00:57"]

1. d4 Nf6 2. c4 e6 3. Nf3 d5 4. Nc3 c5 5. cxd5 Nxd5 6. e4 Nxc3 7. bxc3 cxd4 8. cxd4 Bb4+ 9. Bd2 Bxd2+ 10. Qxd2 O-O 11. h4 Nd7 12. h5 h6 13. Bd3 b6 14. Qf4 Bb7 15. Rh3 Qf6 16. Qe3 e5 17. d5 Bxd5 18. exd5 e4 19. O-O-O exd3 20. Kb1 Nc5 21. Ne5 Rad8 22. Rf3 Qd6 23. Rf5 Qxd5 24. Ng6 Qc4 25. Ne7+ Kh8 26. Rc1 Qb4+ 27. Ka1 d2 28. Rd1 Nd3 29. Qxd2 Qxe7 30. Qc3 Nc5 31. Rc1 Rd3 32. Qc4 Rfd8 33. Rxf7 Qe5+ 34. Kb1 Rd2 35. Qb5 Qe4+ 36. Ka1 Qd4+ 37. Kb1 Nd3 0-1


[Site "https://www.chess.com"]

[Event "Titled Tuesday Blitz March 07 Early 2023"]
[White "Martynov, Pavel"]
[Black "Zhigalko, Sergei"]
[WhiteFideId "4101260"]
[BlackFideId "13502956"]
[WhiteElo "2314"]
[BlackElo "2626"]
[Result "0-1"]
[Round "11"]
[TimeControl "180+2"]
[Date "2023.03.07"]
[WhiteClock "0:00:04"]
[BlackClock "0:00:07"]

1. e4 c5 2. Nf3 Nc6 3. Bb5 Nf6 4. Nc3 Qc7 5. O-O Nd4 6. Bd3 Nxf3+ 7. Qxf3 e6 8. b3 a6 9. Bb2 Bd6 10. g3 Be5 11. a4 b6 12. Qg2 Bb7 13. Nd1 h5 14. Bxe5 Qxe5 15. Nc3 h4 16. Rae1 hxg3 17. hxg3 Ng4 18. Nd5 Rh2 19. Qf3 Qh5 20. Nf4 Qg5 21. Be2 f5 22. d3 O-O-O 23. Qxg4 fxg4 24. Kxh2 e5 25. Ng2 d5 26. Rh1 dxe4 27. dxe4 Rd2 28. Kg1 Kc7 29. Bd3 Qf6 30. Rf1 b5 31. Ne3 Qf3 32. Rh7 c4 33. Rxg7+ Kc8 34. bxc4 bxa4 35. Nd5 a3 36. Rg8+ Kd7 37. Rg7+ Kd8 38. Rxb7 a2 39. Rb8+ Kd7 40. Rb7+ Kc8 41. Rc7+ Kb8 42. Rc6 a1=Q 43. Rb6+ Ka7 44. Rbb1 Qxb1 45. Rxb1 Qxf2+ 46. Kh1 Qg2# 0-1


[Site "https://www.chess.com"]

[Event "Titled Tuesday Blitz March 07 Early 2023"]
[White "Bolourchifard, Farzad"]
[Black "Kramnik, Vladimir"]
[WhiteFideId "12510084"]
[BlackFideId "4101588"]
[WhiteElo "2317"]
[BlackElo "2712"]
[Result "0-1"]
[Round "11"]
[TimeControl "180+2"]
[Date "2023.03.07"]
[WhiteClock "0:00:09"]
[BlackClock "0:00:13"]

1. e4 c5 2. Nc3 d6 3. g3 Nc6 4. Bg2 g6 5. d3 Bg7 6. Be3 Rb8 7. Qd2 b5 8. Nge2 b4 9. Nd1 h5 10. h3 Nd4 11. f4 a5 12. O-O a4 13. a3 b3 14. c3 Nc2 15. Rc1 Ba6 16. Bf2 Nf6 17. Ne3 Nxe3 18. Bxe3 Nd7 19. f5 Ne5 20. fxg6 fxg6 21. Nf4 Qd7 22. c4 O-O 23. Nd5 Kh7 24. Bg5 Nc6 25. Kh2 Be5 26. Bh6 Rxf1 27. Rxf1 h4 28. Qg5 Bxg3+ 29. Kh1 Ne5 30. Bf8 Rxf8 31. Rxf8 Kg7 32. Rf1 Bb7 33. Nxe7 Qe6 34. Nf5+ Kg8 35. Nh6+ Kg7 36. Nf5+ Kg8 37. Nxg3 hxg3 38. Qxg3 Qe7 39. Qe3 Kg7 40. Rg1 Bc8 41. Kh2 Qh4 42. Qg3 Ng4+ 0-1


[Site "https://www.chess.com"]

[Event "Titled Tuesday Blitz March 07 Early 2023"]
[White "Madaminov, Mukhiddin"]
[Black "Rastbod, Ali"]
[WhiteFideId "14210703"]
[BlackFideId "12567477"]
[WhiteElo "2511"]
[BlackElo "2211"]
[Result "1-0"]
[Round "11"]
[TimeControl "180+2"]
[Date "2023.03.07"]
[WhiteClock "0:01:15"]
[BlackClock "0:00:02"]

1. d4 d5 2. Nc3 Nf6 3. Bf4 c5 4. e4 dxe4 5. dxc5 Qa5 6. Qd2 Nc6 7. Nb5 Qxd2+ 8. Bxd2 Kd8 9. O-O-O Bd7 10. Nh3 a6 11. Na3 Bxh3 12. gxh3 e6 13. Nc4 Ke8 14. Nb6 Rd8 15. Be3 Rxd1+ 16. Kxd1 Nd5 17. Nxd5 exd5 18. c3 f5 19. b4 g6 20. Kc2 Bg7 21. Kb3 Rf8 22. Be2 f4 23. Bc1 d4 24. Re1 e3 25. Bf3 Kd7 26. fxe3 dxe3 27. Rf1 Kc7 28. Kc2 Ne5 29. Kd1 Nxf3 30. Rxf3 g5 31. Ke2 h5 32. c4 g4 33. hxg4 hxg4 34. Rf1 Bd4 35. Kd3 f3 36. Bxe3 Bxe3 37. Kxe3 Rh8 38. Rf2 a5 39. a3 axb4 40. axb4 Rh7 41. Kf4 Rg7 42. Kg3 Rg8 43. Rd2 1-0


[Site "https://www.chess.com"]

[Event "Titled Tuesday Blitz March 07 Early 2023"]
[White "Fier, Alexandr"]
[Black "Mamedov, Edgar"]
[WhiteFideId "2107139"]
[BlackFideId "13739980"]
[WhiteElo "2610"]
[BlackElo "2330"]
[Result "0-1"]
[Round "11"]
[TimeControl "180+2"]
[Date "2023.03.07"]
[WhiteClock "0:00:56"]
[BlackClock "0:00:04"]

1. b3 Nf6 2. Bb2 g6 3. g4 Bg7 4. g5 Nh5 5. Bxg7 Nxg7 6. h4 O-O 7. e3 d5 8. h5 Nxh5 9. Rxh5 gxh5 10. Qxh5 Bf5 11. Bd3 Bxd3 12. cxd3 Nc6 13. Nc3 d4 14. Ne4 Nb4 15. Nf3 Nc2+ 16. Ke2 Nxa1 17. Nxd4 Qe8 18. Qh6 f5 19. gxf6 Qg6 20. Qh1 exf6 21. Qxa1 Rae8 22. Ng3 Qg4+ 23. Kf1 f5 24. Nde2 f4 25. exf4 h5 26. Ne4 h4 27. Qd4 h3 28. Qd5+ Kh8 29. Qd4+ Qg7 30. Qxg7+ Kxg7 31. Kg1 Rd8 32. Nc5 Rfe8 33. Ng3 b6 34. Nce4 Rxd3 35. Kh2 a5 36. f5 a4 37. f6+ Kg6 38. f4 Rf3 39. f7 Rf8 40. f5+ Rxf5 41. Nxf5 Kxf5 42. Ng3+ Ke5 43. bxa4 Rxf7 44. Kxh3 Rf2 45. d3 Rxa2 46. Kg4 Rxa4+ 47. Kf3 Kd4 48. Ne4 Kxd3 49. Nf6 Rd4 50. Ne8 c5 51. Nc7 c4 52. Nb5 c3 53. Na3 c2 54. Nxc2 Kxc2 55. Ke3 Kc3 0-1


[Site "https://www.chess.com"]

[Event "Titled Tuesday Blitz March 07 Early 2023"]
[White "Costachi, Mihnea"]
[Black "Krstulovic, Alex"]
[WhiteFideId "1217518"]
[BlackFideId "760056"]
[WhiteElo "2456"]
[BlackElo "2311"]
[Result "0-1"]
[Round "11"]
[TimeControl "180+2"]
[Date "2023.03.07"]
[WhiteClock "0:00:07"]
[BlackClock "0:00:31"]

1. Nc3 d5 2. d4 Nf6 3. Bf4 e6 4. e3 Bb4 5. Bd3 c5 6. dxc5 Nbd7 7. Ne2 Nxc5 8. O-O O-O 9. Bg5 h6 10. Bh4 Nxd3 11. cxd3 Be7 12. d4 Bd7 13. Rc1 Rc8 14. Qb3 Bc6 15. Nf4 g5 16. Bxg5 hxg5 17. Nd3 Bd6 18. f4 g4 19. Qd1 Kg7 20. Ne5 Rh8 21. Nxg4 Qg8 22. Ne5 Qh7 23. h3 Rcg8 24. Qf3 Kf8 25. Kf2 Ne4+ 26. Ke1 Rg3 27. Qe2 Rhg8 28. Ng4 Qh4 29. Kd1 f5 30. Nxe4 dxe4 31. Rxc6 bxc6 32. Qc4 fxg4 33. Qxe6 Qe7 34. Qf5+ Qf7 35. Qc8+ Kg7 36. Qxc6 Be7 37. Qxe4 gxh3 38. gxh3 Qh5+ 39. Kd2 Bb4+ 40. Kc2 Rc8+ 41. Kb3 Qb5 42. a4 Qc4# 0-1


[Site "https://www.chess.com"]

[Event "Titled Tuesday Blitz March 07 Early 2023"]
[White "Hambleton, Aman"]
[Black "Petukhov, Dmitry"]
[WhiteFideId "2606577"]
[BlackFideId "4142748"]
[WhiteElo "2511"]
[BlackElo "2311"]
[Result "0-1"]
[Round "11"]
[TimeControl "180+2"]
[Date "2023.03.07"]
[WhiteClock "0:00:06"]
[BlackClock "0:00:48"]

1. d4 Nf6 2. Bf4 d5 3. e3 Bf5 4. c4 e6 5. Nc3 Be7 6. Qb3 Qc8 7. cxd5 exd5 8. Rc1 O-O 9. Nb5 Nc6 10. a3 Qd7 11. Nf3 Rac8 12. Be2 Na5 13. Qa4 Nc4 14. Ne5 Nxe5 15. Bxe5 c6 16. Nc3 a6 17. O-O h6 18. Rfe1 Ne4 19. Nxe4 Bxe4 20. Qb3 Bg6 21. Bd3 Bxd3 22. Qxd3 Bd6 23. Bxd6 Qxd6 24. Rc3 Rce8 25. b4 Re4 26. g3 Rfe8 27. Rb1 f5 28. a4 g5 29. b5 axb5 30. axb5 f4 31. exf4 gxf4 32. bxc6 bxc6 33. Rbc1 Qf6 34. Rxc6 Re1+ 35. Rxe1 Rxe1+ 36. Kg2 Qxc6 37. Qf5 Qe6 38. Qxf4 Qe4+ 39. Qxe4 Rxe4 40. Kf3 Rxd4 41. Ke3 Ra4 42. f3 Kf7 43. h4 Ke6 44. g4 Ke5 45. g5 Ra3+ 46. Kf2 hxg5 47. hxg5 Kf4 48. g6 Rxf3+ 49. Ke2 Rg3 50. g7 Rxg7 0-1


[Site "https://www.chess.com"]

[Event "Titled Tuesday Blitz March 07 Early 2023"]
[White "Ljukin, Sergei"]
[Black "EREBUNI91"]
[WhiteFideId "14102200"]
[WhiteElo "2312"]
[BlackElo "2745"]
[Result "0-1"]
[Round "11"]
[TimeControl "180+2"]
[Date "2023.03.07"]
[WhiteClock "0:00:14"]
[BlackClock "0:02:18"]

1. e4 c5 2. Nf3 d6 3. d4 cxd4 4. Nxd4 Nf6 5. Nc3 a6 6. Bg5 Nbd7 7. f4 Qc7 8. Qf3 h6 9. Bxf6 Nxf6 10. f5 Qc5 11. O-O-O g5 12. g4 Bg7 13. Nb3 Qc7 14. h4 b5 15. Be2 Bb7 16. Qe3 b4 17. Nd5 Bxd5 18. exd5 Rc8 19. Kb1 Qxc2+ 20. Ka1 Qe4 21. Qxe4 Nxe4 22. Bxa6 Rc2 23. Nd4 Rg2 24. hxg5 hxg5 25. Rxh8+ Bxh8 26. Kb1 Nd2+ 27. Kc1 Bxd4 28. Rxd2 Be3 0-1


[Site "https://www.chess.com"]

[Event "Titled Tuesday Blitz March 07 Early 2023"]
[White "Orozbaev, Eldiar"]
[Black "Vlasak, Lukas"]
[WhiteFideId "13802240"]
[BlackFideId "324752"]
[WhiteElo "2201"]
[BlackElo "2345"]
[Result "1-0"]
[Round "11"]
[TimeControl "180+2"]
[Date "2023.03.07"]
[WhiteClock "0:01:52"]
[BlackClock "0:00:16"]

1. e4 c5 2. c3 Nf6 3. e5 Nd5 4. d4 cxd4 5. cxd4 Nc6 6. Nf3 d6 7. Nc3 Nxc3 8. bxc3 e6 9. Bd3 Be7 10. Qe2 O-O 11. h4 dxe5 12. Bxh7+ Kh8 13. Ng5 g6 14. Qg4 exd4 15. h5 Ne5 16. Qg3 Bf6 17. hxg6 dxc3 18. Nxf7+ Nxf7 19. gxf7 Qd5 20. Bg8+ 1-0


[Site "https://www.chess.com"]

[Event "Titled Tuesday Blitz March 07 Early 2023"]
[White "Buksa, Nataliya"]
[Black "Cherniaiev, Tykhon"]
[WhiteFideId "14123622"]
[BlackFideId "14182360"]
[WhiteElo "2316"]
[BlackElo "2450"]
[Result "0-1"]
[Round "11"]
[TimeControl "180+2"]
[Date "2023.03.07"]
[WhiteClock "0:00:02"]
[BlackClock "0:00:04"]

1. d4 Nf6 2. Nc3 d5 3. Bf4 a6 4. e3 c5 5. Nf3 Nc6 6. Be2 Bg4 7. dxc5 e6 8. h3 Bxf3 9. Bxf3 Bxc5 10. O-O O-O 11. Bg5 Be7 12. a3 h6 13. Bh4 Rc8 14. Bg3 Qb6 15. Rb1 Rfd8 16. Qd2 d4 17. exd4 Nxd4 18. Qd1 Qa7 19. Kh1 b5 20. Qc1 Nxf3 21. gxf3 Bxa3 22. Be5 Be7 23. Kg2 Qb7 24. Rd1 Nd5 25. Nxd5 Rxd5 26. Qf4 f6 27. Bc3 Rc4 28. Qe3 Kh7 29. Qxe6 Rg5+ 30. Kf1 Qxf3 31. Bd4 Bc5 32. c3 Bxd4 33. cxd4 Rc2 34. Qe3 Qh1# 0-1


[Site "https://www.chess.com"]

[Event "Titled Tuesday Blitz March 07 Early 2023"]
[White "Aldokhin, Ivan"]
[Black "Andreev, Konstantin"]
[WhiteFideId "24115720"]
[BlackFideId "24239305"]
[WhiteElo "2322"]
[BlackElo "2106"]
[Result "1-0"]
[Round "11"]
[TimeControl "180+2"]
[Date "2023.03.07"]
[WhiteClock "0:00:03"]
[BlackClock "0:00:01"]

1. e4 c5 2. Nf3 e6 3. d4 cxd4 4. Nxd4 Nc6 5. Nc3 Qc7 6. Nxc6 bxc6 7. Bd3 Nf6 8. Qe2 e5 9. O-O Be7 10. f4 d6 11. f5 d5 12. Kh1 O-O 13. g4 dxe4 14. Nxe4 Nxe4 15. Bxe4 Bb7 16. g5 g6 17. f6 Bd6 18. Qf3 Rfd8 19. Be3 Bf8 20. Rfd1 a5 21. Kg2 Rab8 22. Rxd8 Rxd8 23. Rd1 Rxd1 24. Qxd1 c5 25. Qf3 Bxe4 26. Qxe4 Qd6 27. a4 h6 28. h4 Qe6 29. b3 Bd6 30. Qa8+ Kh7 31. Qe4 Kg8 32. Bd2 hxg5 33. hxg5 Bc7 34. Qc4 Qf5 35. Qxc5 Qg4+ 36. Kf1 Qd1+ 37. Be1 Qf3+ 38. Bf2 e4 39. Qxc7 e3 40. Qb8+ Kh7 41. Qh2+ Kg8 42. Ke1 exf2+ 43. Qxf2 Qe4+ 44. Kd2 Qd5+ 45. Kc3 Qxg5 46. Qd4 Qf5 47. Kd2 g5 48. Ke3 Qe6+ 49. Kf3 Qh3+ 50. Ke2 Qg2+ 51. Qf2 Qe4+ 52. Kf1 g4 53. Kg1 Qg6 54. Kg2 Qg5 55. Kg3 Qg6 56. Qe2 Kf8 57. Qxg4 Qxc2 58. Qf3 Qc7+ 59. Kg4 Qd7+ 60. Kg5 1-0


[Site "https://www.chess.com"]

[Event "Titled Tuesday Blitz March 07 Early 2023"]
[White "Matinian, Nikita"]
[Black "Tymrakiewicz, Rafal"]
[WhiteFideId "24129100"]
[BlackFideId "1108832"]
[WhiteElo "2422"]
[BlackElo "2151"]
[Result "1-0"]
[Round "11"]
[TimeControl "180+2"]
[Date "2023.03.07"]
[WhiteClock "0:00:20"]
[BlackClock "0:00:02"]

1. e4 Nf6 2. e5 Nd5 3. d4 d6 4. Nf3 g6 5. Bc4 Nb6 6. Bb3 d5 7. c3 Bg7 8. h4 Bg4 9. Bf4 Nc6 10. Nbd2 f6 11. Qe2 fxe5 12. dxe5 O-O 13. Qe3 e6 14. Bh6 Qe7 15. O-O-O Nd7 16. Rde1 Qc5 17. Qg5 Bxf3 18. Bxg7 Kxg7 19. Nxf3 Rf5 20. Qg3 d4 21. Bxe6 Rxf3 22. Qxf3 Ndxe5 23. Qd5 Qxd5 24. Bxd5 Nd3+ 25. Kc2 Nxe1+ 26. Rxe1 dxc3 27. Bxc6 bxc6 28. Re7+ Kf6 29. Rxc7 cxb2 30. Rxc6+ Kf5 31. Kxb2 Re8 32. Rc5+ Kg4 33. Rc4+ Kh5 34. Rc7 Re2+ 35. Kb3 Rxf2 36. Rxh7+ Kg4 37. Rxa7 Rxg2 38. Rh7 Rg1 39. a4 Rb1+ 40. Kc4 Ra1 41. Kb5 Rb1+ 42. Ka6 Kf5 43. a5 Kg4 44. Ka7 Rh1 45. Rh6 1-0


[Site "https://www.chess.com"]

[Event "Titled Tuesday Blitz March 07 Early 2023"]
[White "Dehtiarov, Roman"]
[Black "Saito, Vinicius"]
[WhiteFideId "14186640"]
[BlackFideId "2113384"]
[WhiteElo "2162"]
[BlackElo "2152"]
[Result "1-0"]
[Round "11"]
[TimeControl "180+2"]
[Date "2023.03.07"]
[WhiteClock "0:00:18"]
[BlackClock "0:00:06"]

1. e4 c5 2. Nc3 a6 3. f4 b5 4. Nf3 Bb7 5. d3 e6 6. g3 Nf6 7. Bg2 d5 8. e5 Nfd7 9. O-O Nc6 10. Ne2 Be7 11. d4 O-O 12. c3 b4 13. Be3 a5 14. g4 Ba6 15. Rf2 Bxe2 16. Qxe2 cxd4 17. cxd4 f6 18. f5 fxe5 19. fxe6 e4 20. exd7 exf3 21. Rxf3 Qxd7 22. Rxf8+ Rxf8 23. Qb5 Rd8 24. Rc1 Qe6 25. Bf2 Rd6 26. Re1 Qf7 27. Rc1 Nd8 28. Bg3 Rg6 29. Bxd5 Ne6 30. Qb8+ Bf8 31. Qe5 1-0


[Site "https://www.chess.com"]